 Dungeon Crawl Stone Soup version 0.28.0-53-g5a82cb258f (webtiles) character file.

Game seed: 14169842608498162224

184 firemarshallily the Sneak (level 5, -1/35 HPs)
             Began as an Octopode Wanderer on Aug 4, 2022.
             Slain by an orc priest
             ... wielding a +0 flail
              (9 damage)
             ... on level 4 of the Dungeon.
             The game lasted 00:08:21 (3766 turns).

firemarshallily the Sneak (Octopode Wanderer)       Turns: 3766, Time: 00:08:21

Health: -1/35      AC:  1    Str:  9    XL:     5   Next: 64%
Magic:  11/11      EV: 13    Int: 18    God:
Gold:   245        SH:  0    Dex: 12    Spells: 10/12 levels left

rFire   . . .      SeeInvis .   h - +0 dagger (speed)
rCold   . . .      Faith    .   (no shield)
rNeg    . . .      Spirit   .   (helmet restricted)
rPois   +          Reflect  .   (no amulet)
rElec   .          Harm     .   n - ring of poison resistance
rCorr   .          Rampage  .   (no ring)
Will    .....                   (no ring)
Stlth   +++.......              (no ring)
HPRegen 0.11/turn               (no ring)
MPRegen 0.12/turn               (no ring)
                                (no ring)
                                (no ring)

@: no status effects
A: almost no armour, amphibious, 8 rings, camouflage 1, gelatinous body 1,
(nimble swimmer 1), tentacles
a: no special abilities


You were on level 4 of the Dungeon.
You visited 1 branch of the dungeon, and saw 4 of its levels.

You collected 245 gold pieces.

Inventory:

Hand Weapons
 a - a +2 falchion
 c - a +0 dagger
 h - a +0 dagger of speed (weapon)
Missiles
 b - 6 boomerangs (quivered)
 d - 3 poisoned darts
 j - 2 javelins
Jewellery
 n - a ring of poison resistance (left tentacle)
Wands
 i - a wand of mindburst (8)
 r - a wand of polymorph (6)
Scrolls
 f - 2 scrolls of torment {unknown}
 l - 2 scrolls of fog
 m - 2 scrolls of teleportation
 p - a scroll of blinking {unknown}
 q - a scroll of silence {unknown}
Potions
 e - a potion of flight
 g - a potion of berserk rage
 k - a potion of lignification {unknown}
 o - 2 potions of curing {unknown}


   Skills:
 + Level 2.4 Fighting
 + Level 1.4(2.0) Short Blades
 - Level 2.1(2.3) Long Blades
 - Level 2.0 Throwing
 * Level 2.6 Dodging
 * Level 4.2 Stealth
 - Level 4.0 Spellcasting
 - Level 1.0 Invocations


You had 10 spell levels left.
You knew the following spells:

 Your Spells              Type           Power      Damage    Failure   Level
a - Call Imp              Summ           3%         N/A       22%         2

Your spell library contained the following spells:

 Spells                   Type           Power      Damage    Failure   Level
 Magic Dart               Conj           12%        1d3       14%         1
 Pain                     Necr           12%        1d4       14%         1
 Corpse Rot               Necr/Air       6%         N/A       22%         2
 Sublimation of Blood     Necr           3%         N/A       22%         2
 Mephitic Cloud           Conj/Pois/Air  3%         N/A       41%         3
 Agony                    Necr           3%         N/A       99%         5
 Excruciating Wounds      Necr           1%         N/A       99%         5


Dungeon Overview and Level Annotations

Branches:
Dungeon (4/15)
 Temple: D:4-7

Altars:

Shops:
D:1 (

Annotations:
D:3 Sigmund


Innate Abilities, Weirdness & Mutations

You cannot wear most types of armour.
You are amphibious.
You can wear up to eight rings at the same time.
Your skin changes colour to match your surroundings (Stealth+).
Your rubbery body absorbs attacks. (AC +1, EV +1)
((You are camouflaged when in or above water. (Stealth+)))
You have tentacles for arms and can constrict up to eight enemies at once.


Message History

The orc priest calls down the wrath of Beogh upon you.
Beogh smites you!
You hit the orc. You grab the orc.
The orc is almost dead.
You constrict the orc.
You kill the orc!
You closely miss the iguana. Your grab misses the iguana.
You squeeze the iguana!
The iguana is heavily wounded.
You hit the iguana but do no damage. Your grab misses the iguana.
The iguana is heavily wounded.
The iguana bites you!
* * * LOW HITPOINT WARNING * * *
You hit the iguana. You grab the iguana.
You tentacle-slap the iguana, but do no damage.
The iguana is heavily wounded.
You constrict the iguana. You hit the iguana but do no damage.
You squeeze the iguana.
You kill the iguana!
The orc priest begins to cast a cantrip, but forgets the words!
Items here: ) [ ††.
You hit the orc priest but do no damage.
Your grab misses the orc priest.
You hit the orc priest but do no damage.
Your grab misses the orc priest.
The orc priest hits you with a +0 flail.
* * * LOW HITPOINT WARNING * * *
You hit the orc priest but do no damage.
You grab the orc priest.
You squeeze the orc priest, but do no damage.
You constrict the orc priest.
You hit the orc priest but do no damage.
The orc priest is lightly wounded.
You constrict the orc priest. The orc priest barely misses you.
You hit the orc priest.
You squeeze the orc priest, but do no damage.
The orc priest is moderately wounded.
You constrict the orc priest, but do no damage.
The orc priest hits you with a +0 flail!
You die...

#. ## #.## ..... .#.# #..#
..>..# .....## #..#
##.....# ........# #..#
#......# .........##
#..#####......#
...........####..##........
............##...........#
.............@o.###.....##
.............#### #.....##
............## ##.....# ##.
............(# #o....!...#
#.. ##.........#
##........# #...
#.......#..# #.........
#....###.......##..#
#......... #....#....#....#
#..# #.........
#..#....##....# ...#
#.........


You could see an orc priest.

Vanquished Creatures
  A jelly (D:2)
  An iguana (D:4)
  4 adders
  2 dart slugs
  5 orcs
  5 ball pythons
  4 bats
  7 endoplasms
  5 giant cockroaches (D:1)
  10 goblins
  13 hobgoblins
  A jackal (D:2)
  6 quokkas
  5 kobolds
  6 rats
75 creatures vanquished.

Notes
Turn   | Place    | Note
-------+----------+-------------------------------------------
     0 | D:1      | firemarshallily the Octopode Wanderer began the quest for
                  | the Orb.
     0 | D:1      | firemarshallily set off with the following items: a +2
                  | falchion, 7 boomerangs, a +0 dagger; and the following
                  | spells available to memorise: Corpse Rot, Sublimation of
                  | Blood
     0 | D:1      | Reached XP level 1. HP: 11/11 MP: 5/5
   298 | D:1      | Reached XP level 2. HP: 9/18 MP: 7/7
   611 | D:1      | Reached skill level 1 in Dodging
   741 | D:1      | Found Otesos's Weapon Boutique.
   766 | D:1      | Reached skill level 1 in Fighting
   948 | D:2      | Reached XP level 3. HP: 23/23 MP: 8/8
   954 | D:2      | HP: 1/23 [acid (2)]
  1597 | D:2      | Reached XP level 4. HP: 28/28 MP: 10/10
  1750 | D:2      | Reached skill level 1 in Short Blades
  2517 | D:2      | Reached XP level 5. HP: 32/34 MP: 11/11
  2693 | D:3      | Noticed Sigmund
  3715 | D:4      | Learned a level 2 spell: Call Imp
  3766 | D:4      | Slain by an orc priest

Illustrated notes

Levels and vault maps discovered:
D:1:      ebering_trefoil_twist, layout_rooms, serial_shops,
          nicolae_shop_bloodbath_and_beyond
D:2:      minmay_recursive_quarters, layout_basic, kennysheep_generic_room_15
D:3:      cheibrodos_greedy_goblins, layout_basic, uniq_sigmund
D:4:      layout_layer_cave

Skill      XL: |  1  2  3  4  5 |
---------------+----------------+-----
Stealth        | 2 3 4 |  4.2
Dodging        | 1 2 |  2.6
Fighting       | 1 2 |  2.4
Short Blades   | 1 |  1.4
Long Blades    | |  2.1
Throwing       | |  2.0
Spellcasting   | |  4.0
Invocations    | |  1.0

Action                   |  1- 3 |  4- 6 || total
-------------------------+-------+-------++-------
Melee: Falchion          |    25 |       ||    25
       Constrict         |    10 |    36 ||    46
       Tentacles         |    10 |    27 ||    37
       Punch             |     2 |     3 ||     5
       Dagger            |    20 |   141 ||   161
Throw: Boomerang         |       |     3 ||     3
  Use: Scroll            |     5 |     2 ||     7
 Stab: Sleeping          |     6 |    12 ||    18
Armor: Skin              |     4 |     8 ||    12
Dodge: Dodged            |    20 |    50 ||    70
